 Dungeon Crawl Stone Soup version 0.23-a0-550-g7de1f8e (webtiles) character file.

322 Geeful the Sneak (level 6, -1/36 HPs)
             Began as an Octopode Earth Elementalist on Dec 8, 2018.
             Was an Initiate of Nemelex Xobeh.
             Slain by a gnoll
             ... wielding a +0 spear
              (8 damage)
             ... on level 4 of the Dungeon.
             The game lasted 00:12:21 (3628 turns).

Geeful the Sneak (Octopode Earth Elementalist)      Turns: 3628, Time: 00:12:22

Health: -1/36      AC:  1    Str:  8    XL:     6   Next: 47%
Magic:  10/11      EV: 14    Int: 19    God:    Nemelex Xobeh [......]
Gold:   185        SH:  0    Dex: 12    Spells: 10/11 levels left

rFire    + . .     SeeInvis .   d - +4 dagger
rCold    . . .     Gourm    .   (no shield)
rNeg     . . .     Faith    .   (helmet restricted)
rPois    .         Spirit   .   (no amulet)
rElec    .         Reflect  .   k - +6 ring of slaying
rCorr    .         Harm     .   m - ring of protection from fire
MR       .....                  (no ring)
Stlth    ++++......             (no ring)
HPRegen  0.12/turn              (no ring)
MPRegen  0.12/turn              (no ring)
                                (no ring)
                                (no ring)

@: no status effects
A: almost no armour, stealthy swim, amphibious, 8 rings, constrict 8, camouflage
1, gelatinous body 1
a: Renounce Religion


You were on level 4 of the Dungeon.
You worshipped Nemelex Xobeh.
Nemelex Xobeh was noncommittal.
You were hungry.

You visited 2 branches of the dungeon, and saw 5 of its levels.

You collected 185 gold pieces.

Inventory:

Hand Weapons
 d - a +4 dagger (weapon)
Missiles
 b - 39 stones (quivered)
Jewellery
 i - an uncursed amulet of faith
 k - a +6 ring of slaying (left tentacle)
 m - a ring of protection from fire (right tentacle)
Wands
 l - a wand of flame (10)
Scrolls
 a - a scroll of enchant armour
 h - a scroll of remove curse
 j - 2 scrolls of teleportation
Potions
 f - a potion of cancellation
Comestibles
 c - 5 rations


   Skills:
 + Level 3.6 Dodging
 + Level 5.2 Stealth
 + Level 3.4 Spellcasting
   Level 1.0 Transmutations
 + Level 4.3 Earth Magic


You had 10 spell levels left.
You knew the following spells:

 Your Spells              Type           Power        Failure   Level  Hunger
a - Sandblast             Erth           ###...       2%          1    None

Your spell library contained the following spells:

 Spells                   Type           Power        Failure   Level  Hunger
 Passwall                 Tmut/Erth      ##......     8%          2    ##.....
 Confusing Touch          Hex            #.....       14%         1    None
 Stone Arrow              Conj/Erth      ##....       19%         3    ###....
 Confuse                  Hex            #.......     41%         3    ###....
 Gell's Gravitas          Tloc           #.........   41%         3    ###....
 Petrify                  Tmut/Erth      ##......     43%         4    ####...
 Lee's Rapid Deconstruct  Erth           ###.......   56%         5    ######.
 Yara's Violent Unravell  Hex/Tmut       #.........   97%         5    ######.
 Metabolic Englaciation   Hex/Ice        #.........   99%         5    ######.


Dungeon Overview and Level Annotations

Branches:
Dungeon (4/15)             Temple (1/1) D:4

Altars:
Ashenzari
Cheibriados
Elyvilon
Gozag
Hepliaklqana
Nemelex Xobeh
Qazlal
Sif Muna
Trog
Uskayaw
Vehumet
Wu Jian
Zin
The Shining One

Annotations:
D:4 1 runed door, everene's ghost, novice TrMo


Innate Abilities, Weirdness & Mutations

You cannot wear most types of armour.
You are very stealthy in the water. (Stealth+)
You are amphibious.
You can wear up to eight rings at the same time.
You can use your tentacles to constrict eight enemies at once.
Your skin changes colour to match your surroundings (Stealth+).
Your rubbery body absorbs attacks. (AC +1, EV +1)


Message History

You kill the gnoll!
You puncture the gnoll! You grab the gnoll.
The gnoll is almost dead.
You constrict the gnoll. The gnoll misses you.
The gnoll hits you from afar with a +0 spear.
You hit the gnoll.
You kill the gnoll!
The gnoll closely misses you. The gnoll barely misses you.
The gnoll hits you with a +0 spear! x2
Things that are here:
a +0 flail; a +0 spear; a gnoll corpse You hit the gnoll.
Your grab misses the gnoll.
The gnoll is moderately wounded.
The gnoll closely misses you. The gnoll hits you with a +0 spear!
* * * LOW HITPOINT WARNING * * *
You hit the gnoll. Your grab misses the gnoll.
The gnoll is severely wounded.
The gnoll hits you with a +0 spear!
You die...
Your body disappears without a glow.

.....####.## ##.####.##..
#.....#..####.......#...
#................<..##
###...#####..........#
####...# (#######.#
#......########.......#
##......#.....#........#
........#$≈≈≈≈+........#
.......(@#....W#.........
.)...#.gg########........
.....#.... #######<. .>.
#..... ##. .. #.....# #.
#.....# #. ####.## #. .#
## #


You could see 2 gnolls.

Vanquished Creatures
  An ogre (D:4)
  Ijyb (D:3)
  6 gnolls
  7 adders
  An ooze (D:1)
  4 dart slugs
  A leopard gecko (D:2)
  An orc (D:4)
  3 giant cockroaches
  7 goblins
  10 hobgoblins
  14 jackals
  6 kobolds
  A ball python (D:1)
  9 bats
  4 frilled lizards
  3 rats
79 creatures vanquished.

Notes
Turn   | Place    | Note
-------+----------+-------------------------------------------
     0 | D:1      | Geeful the Octopode Earth Elementalist began the quest for
                  | the Orb.
     0 | D:1      | Reached XP level 1. HP: 11/11 MP: 3/3
   317 | D:1      | Reached skill level 3 in Stealth
   317 | D:1      | Reached XP level 2. HP: 14/17 MP: 1/5
  1020 | D:2      | Reached XP level 3. HP: 20/21 MP: 6/6
  1292 | D:2      | Reached XP level 4. HP: 20/27 MP: 0/7
  1663 | D:2      | Found a faded altar of an unknown god.
  1720 | D:2      | Reached skill level 4 in Stealth
  1942 | D:2      | Found a white marble altar of Elyvilon.
  2118 | D:2      | Reached XP level 5. HP: 22/31 MP: 7/9
  2483 | D:3      | Noticed Ijyb
  2489 | D:3      | Killed Ijyb
  3213 | D:4      | Found a runed door.
  3231 | D:4      | Noticed everene's ghost (novice TrMo)
  3276 | D:4      | Found a staircase to the Ecumenical Temple.
  3310 | Temple   | Entered the Ecumenical Temple
  3342 | Temple   | Became a worshipper of Nemelex Xobeh the Trickster
  3389 | D:4      | Noticed an ogre
  3403 | D:4      | Killed an ogre
  3403 | D:4      | Reached skill level 5 in Stealth
  3403 | D:4      | Reached XP level 6. HP: 15/36 MP: 5/11
  3628 | D:4      | Slain by a gnoll

Vault maps used:
D:1:      onia_arrival_pentagram
D:2:      elyvilon_altar_3, chequers_ecumenical_altar_simple,
          chequers_serial_rivers_small_a, minmay_pentomino_o4
D:3:      uniq_ijyb
D:4:      marbit_many_paths, minmay_temple_entry_offerings,
          ebering_ghost_reflecting_pool, first_ration,
          nicolae_dithmenos_shadow_blocks
Temple:   eino_temple_lava

Skill      XL: |  1  2  3  4  5 |
---------------+----------------+-----
Stealth        | 3 4 5 |  5.2
Dodging        | 3 |  3.6
Spellcasting   | 3 |  3.4
Earth Magic    | 4 |  4.3
Transmutations | |  1.0

Action                   |  1- 3 |  4- 6 || total
-------------------------+-------+-------++-------
Melee: Unarmed           |    21 |       ||    21
       Constrict         |    17 |    32 ||    49
       Tentacles         |     9 |    16 ||    25
       Short sword       |    25 |   102 ||   127
       Dagger            |       |    15 ||    15
 Cast: Sandblast         |    13 |     9 ||    22
  Use: Scroll            |     5 |     4 ||     9
       Potion            |     1 |     1 ||     2
 Stab: Sleeping          |     6 |    16 ||    22
       Distracted        |     1 |       ||     1
  Eat: Chunk             |     1 |     7 ||     8
Armor: Skin              |     2 |     8 ||    10
Dodge: Dodged            |    32 |    96 ||   128

Table legend:
 A = Non-vault XP
 B = Vault XP
 C = Vault XP percentage of total XP
 D = Non-vault monster count
 E = Vault monster count
 F = Vault count percentage of total count
                 A         B        C        D         E       F
            +---------+---------+-------+---------+---------+-------
      Total |     394 |      66 |  14.3 |      74 |       5 |   6.3
            +---------+---------+-------+---------+---------+-------
        D:1 |      30 |       0 |   0.0 |      14 |       0 |   0.0
        D:2 |     113 |      30 |  21.0 |      26 |       4 |  13.3
        D:3 |      82 |      36 |  30.5 |      26 |       1 |   3.7
        D:4 |     169 |       0 |   0.0 |       8 |       0 |   0.0
            +---------+---------+-------+---------+---------+-------
